 Dungeon Crawl Stone Soup version 0.31.0-12-g77e489cdc1 (webtiles) character file.

Game seed: 16992405630696923809

1 Gadfly the Caller (level 1, 0/13 HPs)
             Began as a Merfolk Summoner on Feb 23, 2024.
             Slain by a kobold
             ... wielding a +0 short sword
              (1 damage)
             ... on level 1 of the Dungeon.
             The game lasted 00:00:32 (31 turns).

Gadfly the Caller (Merfolk Summoner)                  Turns: 31, Time: 00:00:32

Health: 0/13       AC:  2    Str:  8    XL:     1   Next: 20%
Magic:  2/3        EV: 12    Int: 14    God:
Gold:   0          SH:  0    Dex: 14    Spells: 3/4 levels left

rFire   . . .        (no weapon)
rCold   . . .        (no shield)
rNeg    . . .        a - +0 robe
rPois   .            (no helmet)
rElec   .            (no cloak)
rCorr   .            (no gloves)
SInv    .            (no boots)
Will    .....        (no amulet)
Stlth   ++           (no ring)
HPRegen 0.22/turn    (no ring)
MPRegen 0.08/turn

%: no passive effects
@: no status effects
A: (nimble swimmer 2), mertail
a: no special abilities


You were on level 1 of the Dungeon.
You visited 1 branch of the dungeon, and saw 1 of its levels.

Inventory:

Armour
 a - a +0 robe (worn)


   Skills:
 + Level 0.0 Fighting
 + Level 2.7 Dodging
 - Level 2.1 Stealth
 + Level 2.0 Spellcasting
 + Level 4.0 Summonings
 + Level 0.0 Evocations


You had 3 spell levels left.
You knew the following spells:

 Your Spells              Type           Power      Damage    Failure   Level
a - Summon Small Mammal   Summ           48%        N/A       4%          1

Your spell library contained the following spells:

 Spells                   Type           Power      Damage    Failure   Level
 Call Imp                 Summ           24%        N/A       7%          2
 Call Canine Familiar     Summ           12%        N/A       14%         3
 Summon Blazeheart Golem  Fire/Summ      7%         N/A       71%         4
 Summon Lightning Spire   Summ/Air       7%         N/A       71%         4


Dungeon Overview and Level Annotations

Branches:
Dungeon (1/15)

Altars:


Innate Abilities, Weirdness & Mutations

((You are very nimble when in or above water. (Stealth+, EV+, Speed+++)))
Your lower body shifts to a powerful aquatic tail in water.


Message History

Okay, then.
The kobold closely misses you.
You are out of magic!
Unknown command.
You hit the kobold but do no damage. The kobold hits you but does no damage.
You miss the kobold.
The kobold hits you with a +0 short sword.
You hit the kobold but do no damage.
The kobold hits your rat with a +0 whip.
Your rat dies!
Your rat's corpse disappears in a puff of smoke!
The kobold barely misses you.
Unknown command.
Casting: Summon Small Mammal (safe; 4% risk of failure)
Confirm with . or Enter, or press ? or * to list all spells.
The kobold hits you with a +0 short sword.
Found 4 gold pieces.
The kobold attacks as it pursues you! The kobold hits you with a +0 whip.
* * * LOW HITPOINT WARNING * * *
Your rat barely misses the kobold.
The kobold hits you but does no damage. The kobold attacks as it pursues you!
The kobold misses you.
Okay, then.
Magic courses through your body. The bat barely misses you. The bat hits you.
* * * LOW HITPOINT WARNING * * *
The kobold hits you with a +0 whip.
* * * LOW HITPOINT WARNING * * *
Your rat bites the kobold but does no damage.
The kobold completely misses you.
Attack: -) Nothing wielded
Press: ? - help, Dir - move target, f - kobold
Aim: a kobold, wielding a +0 whip (ally target, about 44% to evade your hands)
Okay, then.
Casting: Summon Small Mammal (safe; 4% risk of failure)
Confirm with . or Enter, or press ? or * to list all spells.
The bat barely misses your rat. The kobold barely misses you.
The kobold hits your rat but does no damage.
Your rat bites the kobold but does no damage.
The kobold hits you with a +0 short sword.
You die...

.........♣...........
~♣
PP....♣~♣♣♣.......#
♣~♣
PP..♣~♣...♣.......
♣~♣
PPP♣~♣.....♣.....#
♣~♣
PPP♣~♣...|..♣.....#
♣~♣ PP♣~♣P......♣
....#
♣~♣♣♣~♣PPP.rK..♣
....#
♣~~~♣PPPPPKK.♣......#
♣~<~♣PPPPP@.♣......##
♣~~~♣ PP.r..♣....#
♣~♣♣♣~♣ P.$....♣....
♣~♣ ♣~♣Pb.....♣...#
♣~♣ ♣~♣.....$♣ .. ♣~♣
P♣~♣.....♣ ♣~♣
.♣~♣...♣. ~♣ ..
♣~♣♣♣...


You could see a bat (ally target), 3 kobolds and 2 friendly rats.

Vanquished Creatures (collateral kills)
  A ball python (D:1)
  A rat (D:1)
2 creatures vanquished.

Notes
Turn   | Place    | Note
-------+----------+-------------------------------------------
     0 | D:1      | Gadfly the Merfolk Summoner began the quest for the Orb.
     0 | D:1      | Reached XP level 1. HP: 13/13 MP: 3/3
    31 | D:1      | Slain by a kobold

Illustrated notes

Levels and vault maps discovered:
D:1:      orjb1_clovarrival, layout_rooms, hellmonk_ecumenical_altar_arch_garden

Action                     || total
---------------------------++-------
  Melee: Unarmed           ||     8
   Cast: Summon Small Mamm ||     5
    Use: Potion            ||     1
 Armour: Robe              ||    13
  Dodge: Dodged            ||    20
